 Dungeon Crawl Stone Soup version 0.27-a0-1232-gc6a4cbde82 (webtiles) character file.

Game seed: 7070481326912797242

221 siradein the Slasher (level 5, -5/27 HPs)
             Began as a Vine Stalker Fighter on June 8, 2021.
             Killed by divine providence
             ... invoked by an orc priest
              (16 damage)
             ... on level 4 of the Dungeon.
             The game lasted 00:04:31 (2931 turns).

siradein the Slasher (Vine Stalker Fighter)         Turns: 2931, Time: 00:04:31

Health: -5/27      AC: 13    Str: 21    XL:     5   Next: 98%
Magic:  0/6        EV:  3    Int:  8    God:
Gold:   202        SH:  9    Dex: 15    Spells: 4/4 levels left

rFire    + + +     SeeInvis .   a - +0 long sword
rCold    . . .     Faith    .   c - +0 kite shield
rNeg     . . .     Spirit   +   n - +0 plate armour
rPois    .         Reflect  .   (no helmet)
rElec    +         Harm     .   (no cloak)
rCorr    +         Rampage  .   m - +0 pair of gloves
Will     .....                  s - +0 pair of boots "Feuhete" {rElec rF+++ Str+3 Stlth-}
Stlth    ..........             (no amulet)
HPRegen  1.09/turn              k - ring of resist corrosion
MPRegen  0.10/turn              (no ring)

@: no status effects
A: fangs 2, regeneration 1, magic shield, antimagic bite, no potion heal 2
a: no special abilities


You were on level 4 of the Dungeon.
You visited 1 branch of the dungeon, and saw 4 of its levels.

You collected 202 gold pieces.

Inventory:

Hand Weapons
 a - a +0 long sword (weapon)
 q - a +0 hand crossbow
Missiles
 e - 111 stones (quivered)
 r - 21 bolts
Armour
 c - a +0 kite shield (worn)
 m - a +0 pair of gloves (worn)
 n - a +0 plate armour (worn)
 s - the +0 pair of boots "Feuhete" (worn) {rElec rF+++ Str+3 Stlth-}
   (You found it on level 4 of the Dungeon)

   It affects your strength (+3).
   It renders you almost immune to fire.
   It insulates you from electricity.
   It makes you less stealthy.
Jewellery
 k - a ring of resist corrosion (left hand)
 p - a +6 ring of strength
Wands
 t - a wand of flame (22)
Scrolls
 b - a scroll of blinking {unknown}
 f - a scroll of acquirement {unknown}
 g - a scroll of identify {unknown}
 i - 3 scrolls of magic mapping {unknown}
 o - a scroll of enchant armour {unknown}
Potions
 d - a potion of might
 h - a potion of mutation {unknown}
 j - a potion of heal wounds {unknown}
 l - a potion of magic {unknown}


   Skills:
 - Level 2.6 Fighting
 + Level 5.5 Long Blades
 - Level 2.4 Armour
 - Level 2.6 Shields


You had 4 spell levels left.
You didn't know any spells.
Your spell library was empty.

Dungeon Overview and Level Annotations

Branches:
Dungeon (4/15)
 Temple: D:4-7

Altars:
Cheibriados
Kikubaaqudgha
Okawaru
Uskayaw

Shops:
D:1 (


Innate Abilities, Weirdness & Mutations

You have extremely sharp teeth.
Your natural rate of healing is unusually fast.
When hurt, damage is shared between your health and your magic reserves.
Your bite disrupts and absorbs the magic of your enemies.
Potions cannot restore your health.


Message History

You are too injured to fight recklessly!
You are too injured to fight recklessly!
You see here a +2 dagger of venom.
You block the orc's attack.
You see here a +0 dagger.
There is an open door here.
You slash the orc!
You kill the orc!
You hit the orc. You bite the orc. You drain its power.
You feel invigorated.
The orc is severely wounded.
You block the orc's attack.
You hit the orc.
You kill the orc!
You block the goblin's attack.
You closely miss the goblin. Your bite misses the goblin.
The goblin hits you but does no damage.
Your shield and plate armour prevent you from hitting the goblin.
The goblin hits you but does no damage. x2
You barely miss the goblin. Your bite misses the goblin.
You block the goblin's attack.
You hit the goblin.
You kill the goblin!
You block the orc priest's attack.
You closely miss the orc priest. Your bite misses the orc priest.
The orc priest hits you but does no damage.
You hit the orc priest. Your bite misses the orc priest.
The orc priest is lightly wounded.
The orc priest hits you but does no damage.
You barely miss the orc priest.
You bite the orc priest, but do no damage.
The orc priest is lightly wounded.
The orc priest mumbles some strange prayers to Beogh against you.
Beogh smites you!
The orc priest mumbles some strange prayers to Beogh against you.
Beogh smites you!
* * * LOW HITPOINT WARNING * * *
The orc priest invokes the aid of Beogh against you.
Beogh smites you!
Ouch! That really hurt!
You die...

#.# #.# ##+## #.# ##...##
####.# ##.....##
##.##.###.......##
##...#.##.........#
#.......'.........+
##.<.#.##....<....#
###.##.###@......##
#......# ##.....##
#.###### ##o..## #.#
##'## #.# ########)# #.#
#........# ##.##
#.######.## #...###)#
##...########
#.###.##.####............


You could see an orc priest.

Vanquished Creatures
  Natasha (thrice) (D:2)
  Robin (D:4)
  4 adders (D:2)
  An ufetubus (D:3)
  3 worms
  2 dart slugs (D:2)
  4 orcs
  7 ball pythons
  4 bats
  4 endoplasms
  13 goblins
  8 hobgoblins
  2 jackals (D:1)
  4 quokkas
  9 frilled lizards
  6 kobolds
  4 rats
79 creatures vanquished.

Notes
Turn   | Place    | Note
-------+----------+-------------------------------------------
     0 | D:1      | siradein the Vine Stalker Fighter began the quest for the
                  | Orb.
     0 | D:1      | Reached XP level 1. HP: 11/11 MP: 2/2
    23 | D:1      | Reached skill level 2 in Long Blades
   349 | D:1      | Reached XP level 2. HP: 8/16 MP: 1/3
   816 | D:1      | Reached skill level 3 in Long Blades
  1032 | D:1      | Found Moclyomeici's Antique Weapon Boutique.
  1035 | D:1      | Reached XP level 3. HP: 17/19 MP: 4/4
  1217 | D:2      | Noticed Natasha
  1220 | D:2      | Killed Natasha
  1273 | D:2      | Gained mutation: Your natural rate of healing is unusually
                  | fast. [Vine Stalker growth]
  1273 | D:2      | Reached XP level 4. HP: 21/23 MP: 5/5
  1333 | D:2      | Reached skill level 4 in Long Blades
  1391 | D:2      | Noticed Natasha
  1392 | D:2      | Found an iron altar of Okawaru.
  1395 | D:2      | Killed Natasha
  1494 | D:2      | Reached XP level 5. HP: 27/27 MP: 6/6
  1562 | D:2      | Noticed Natasha
  1570 | D:2      | Killed Natasha
  1651 | D:2      | Reached skill level 5 in Long Blades
  2310 | D:3      | Found a faded altar of an unknown god.
  2310 | D:3      | Found a hide-covered altar of Uskayaw.
  2327 | D:3      | Found a snail-covered altar of Cheibriados.
  2329 | D:3      | Found a faded altar of an unknown god.
  2331 | D:3      | Found an ancient bone altar of Kikubaaqudgha.
  2824 | D:4      | Identified the +0 pair of boots "Feuhete" {rElec rF+++
                  | Str+3 Stlth-}
  2854 | D:4      | Noticed Robin
  2871 | D:4      | Killed Robin
  2931 | D:4      | Killed from afar by an orc priest

Illustrated notes

Levels and vault maps discovered:
D:1:      dpeg_arrival_simpleton_a, layout_basic, serial_shops, shop_coins,
          amcnicky_mini_corridor_feature
D:2:      minmay_evil_eye, layout_loops_ring, basic_altar, uniq_natasha
D:3:      layout_loops_ring, chequers_temple_overflow_minitemple
D:4:      layout_loops_corners, minmay_statues_item, uniq_pikel, uniq_robin

Skill      XL: |  1  2  3  4  5 |
---------------+----------------+-----
Long Blades    | 2 3 4 5 |  5.5
Fighting       | |  2.6
Armour         | |  2.4
Shields        | |  2.6

Action                   |  1- 3 |  4- 6 || total
-------------------------+-------+-------++-------
Melee: Long sword        |    70 |   138 ||   208
       Bite              |    13 |    53 ||    66
Armor: Scale mail        |    39 |    23 ||    62
       Plate armour      |       |    50 ||    50
Dodge: Dodged            |    28 |    13 ||    41
Block: Kite shield       |    52 |    70 ||   122
       Rpst.: Long sword |     7 |     6 ||    13

Table legend: (Time is in decaauts)
 A = Elapsed time spent in this place.
 B = Non-inter-level travel time spent in this place.
 C = Inter-level travel time spent in this place.
 D = Time resting spent in this place.
 E = Time spent auto-exploring this place.
 F = Levels seen in this place.
 G = Mean time per level.
                   A        B        C        D        E       F      G
               +--------+--------+--------+--------+--------+-----+--------+
         Total |   3019 |   2975 |     44 |      0 |   2334 |   4 |  754.8 |
       Dungeon |   3019 |   2975 |     44 |      0 |   2334 |   4 |  754.8 |
               +--------+--------+--------+--------+--------+-----+--------+

Top non-repeatable levels by time:
     D:1: 1243 daAuts
     D:3: 850 daAuts
     D:2: 721 daAuts
     D:4: 205 daAuts
